 Dungeon Crawl Stone Soup version 0.23.1 (webtiles) character file.

Game seed: 17144223628903125943

145 redwoodhats the Covered (level 5, -2/46 HPs)
             Began as a Barachi Fighter on Mar 13, 2019.
             Was an Initiate of Ru.
             Slain by a quokka (3 damage)
             ... on level 3 of the Dungeon.
             The game lasted 00:15:26 (1935 turns).

redwoodhats the Covered (Barachi Fighter)           Turns: 1935, Time: 00:15:26

Health: -2/46      AC:  7    Str: 18    XL:     5   Next: 27%
Magic:  5/5        EV:  7    Int:  8    God:    Ru [......]
Gold:   128        SH:  9    Dex: 12    Spells: 4/4 levels left

rFire    + . .     SeeInvis +   m - +2 hand axe (venom)
rCold    . . .     Gourm    .   c - +0 shield
rNeg     . . .     Faith    .   b - +0 scale mail
rPois    .         Spirit   .   (no helmet)
rElec    .         Reflect  .   (no cloak)
rCorr    .         Harm     .   (no gloves)
MR       .....                  (no boots)
Stlth    ..........             (no amulet)
HPRegen  0.15/turn              j - ring of protection from fire
MPRegen  0.09/turn              (no ring)

@: slow
A: +LOS, swims, see invisible, robust 1, slowness 1, strong legs 1
a: Hop, Sacrifice Skill, Sacrifice Drink, Sacrifice an Eye, Reject Sacrifices,
Renounce Religion


You were on level 3 of the Dungeon.
You worshipped Ru.
Ru was noncommittal.
You were not hungry.

You visited 1 branch of the dungeon, and saw 3 of its levels.

You collected 128 gold pieces.

Inventory:

Hand Weapons
 a - a +0 rapier
 m - a +2 hand axe of venom (weapon)
Missiles
 h - 10 javelins (quivered)
 l - 22 sling bullets
Armour
 b - a +0 scale mail (worn)
 c - a +0 shield (worn)
Jewellery
 j - a ring of protection from fire (left hand)
Scrolls
 e - 3 scrolls of remove curse
 g - 4 scrolls of identify
 i - a scroll of enchant armour {unknown}
 k - a scroll of magic mapping
 n - a scroll of fear
 q - a scroll of teleportation {unknown}
Potions
 d - 3 potions of might
 o - a potion of curing
Comestibles
 f - 2 rations


   Skills:
 + Level 3.8 Fighting
 + Level 2.4 Short Blades
 + Level 1.5 Axes
 + Level 2.3 Throwing
 + Level 4.5 Armour
 + Level 0.9 Dodging
 + Level 0.4 Stealth
 + Level 4.0 Shields


You had 4 spell levels left.
You didn't know any spells.
Your spell library was empty.

Dungeon Overview and Level Annotations

Branches:
Dungeon (3/15)

Altars:
Ru


Innate Abilities, Weirdness & Mutations

Shadows flee at your approach. (+LOS)
You can swim through water.
You cover ground slowly.
You can hop short distances.
You have supernaturally acute eyesight. (SInv)
You are robust. (+10% HP)


Message History

The quokka bites you.
* * * LOW HITPOINT WARNING * * *
You block the goblin's attack. The quokka closely misses you.
You block the goblin's attack. The quokka barely misses you.
The goblin hits you but does no damage. The quokka bites you.
* * * LOW HITPOINT WARNING * * *
You block the goblin's attack.
The quokka bites you but does no damage.
The quokka closely misses you. You block the goblin's attack.
You block the quokka's attack. The goblin barely misses you.
The quokka closely misses you. You block the goblin's attack.
The quokka bites you.
* * * LOW HITPOINT WARNING * * *
The goblin hits you but does no damage.
The quokka bites you but does no damage.
The goblin hits you but does no damage.
The quokka bites you but does no damage.
The quokka bites you.
You die...

#. #.. #.. ..
#.# .. #####'##
#....rg#
###.....@#
..>......# #
.......#.## .#
.......#..####.#
######[........#
#.........###
#........^..#
###...........#
#.............#


You could see a quokka and a goblin.

Vanquished Creatures
  Natasha (D:2)
  7 adders
  An ooze (D:1)
  2 worms (D:2)
  4 dart slugs
  A ball python (D:1)
  2 giant cockroaches
  6 goblins
  7 hobgoblins
  3 bats
  4 frilled lizards
  3 kobolds
  7 rats
48 creatures vanquished.

Notes
Turn   | Place    | Note
-------+----------+-------------------------------------------
     0 | D:1      | redwoodhats the Barachi Fighter began the quest for the
                  | Orb.
     0 | D:1      | Reached XP level 1. HP: 18/18 MP: 1/1
   102 | D:1      | Reached XP level 2. HP: 25/25 MP: 2/2
   500 | D:1      | Reached skill level 1 in Throwing
   684 | D:1      | Gained mutation: You have supernaturally acute eyesight.
                  | (SInv) [potion of mutation]
   684 | D:1      | Gained mutation: You are robust. (+10% HP) [potion of
                  | mutation]
   722 | D:2      | Reached XP level 3. HP: 31/33 MP: 3/3
   961 | D:2      | Reached XP level 4. HP: 27/40 MP: 4/4
   966 | D:2      | Reached skill level 1 in Axes
  1568 | D:2      | Noticed Natasha
  1576 | D:2      | Killed Natasha
  1576 | D:2      | Reached XP level 5. HP: 27/46 MP: 5/5
  1627 | D:2      | Found a faded altar of an unknown god.
  1648 | D:2      | Became a worshipper of Ru the Awakened
  1933 | D:3      | HP: 1/46 [quokka (4)]
  1935 | D:3      | Slain by a quokka

Skill      XL: |  1  2  3  4 |
---------------+-------------+-----
Throwing       | 1 2 |  2.3
Armour         | 4 |  4.5
Axes           | 1 |  1.5
Shields        | 4 |  4.0
Fighting       | |  3.8
Short Blades   | |  2.4
Dodging        | |  0.9
Stealth        | |  0.4

Action                   |  1- 3 |  4- 6 || total
-------------------------+-------+-------++-------
Melee: Rapier            |    28 |       ||    28
       Hand axe          |    46 |    32 ||    78
Throw: Tomahawk          |    35 |    18 ||    53
       Javelin           |       |     6 ||     6
  Use: Scroll            |     3 |     1 ||     4
       Potion            |     2 |       ||     2
  Eat: Chunk             |     1 |       ||     1
       Ration            |       |     1 ||     1
Armor: Scale mail        |    28 |    28 ||    56
Dodge: Dodged            |    15 |    23 ||    38
Block: Shield            |    27 |    35 ||    62
